Match 41140371
Unlisted

Match 41140371
End
Selects Italian Combined Arms Battlegroup
Selects Bersaglieri Squad
Bersaglieri Squad
Kradschützen Motorcycle Team
Bersaglieri Squad
Bersaglieri Squad
Construct Light Support Kompanie
2.5-tonne Medical Truck
MG34 Team
Assault Mechanized Group
Fire Support Elements
Selects Semovente da 75/18 Assault Gun
Selects Carro Armato M13/40 Light Tank
Carro Armato M13/40 Light Tank
김첨지
『BlackBear』
0
0

Comments sign in to comment!

No comments posted yet!